 Dungeon Crawl Stone Soup version 0.20.1-1-g8b1a95d (webtiles) character file.

55 polve the Chiller (level 3, 0/24 HPs)
             Began as a Merfolk Ice Elementalist on July 18, 2017.
             Killed from afar by Paps's ghost (7 damage)
             ... with a magic dart
             ... on level 3 of the Dungeon.
             The game lasted 00:03:04 (2279 turns).

polve the Chiller (Merfolk Ice Elementalist)        Turns: 2279, Time: 00:03:05

Health: 0/24       AC:  4    Str:  8    XL:     3   Next: 93%
Magic:  6/6        EV: 13    Int: 15    God:
Gold:   126        SH:  0    Dex: 14    Spells: 0/6 levels left

rFire    . . .     SeeInvis .   o - +0 trident
rCold    . . .     Gourm    .   (no shield)
rNeg     . . .     Faith    .   a - +0 robe
rPois    .         Spirit   .   e - +0 helmet
rElec    .         Reflect  .   (no cloak)
rCorr    .         Harm     .   q - +0 pair of gloves
MR       .....                  (no boots)
Stlth    +.........             i - amulet of inaccuracy (curse)
Regen    0.1/turn               (no ring)
MPRegen  0.1/turn               (no ring)

@: confused, drained
A: change form in water, swift swim, stealthy swim
a: no special abilities


You were on level 3 of the Dungeon.
You were very hungry.

You visited 1 branch of the dungeon, and saw 3 of its levels.

You collected 126 gold pieces.

Inventory:

Hand Weapons
 o - a +0 trident (weapon)
Armour
 a - a +0 robe (worn)
 e - a +0 helmet (worn)
 q - a +0 pair of gloves (worn)
Jewellery
 i - a cursed amulet of inaccuracy (around neck)
Scrolls
 n - a scroll of teleportation
 p - a scroll of amnesia
Potions
 d - a potion of haste {unknown}
 f - a potion of curing {unknown}
 g - a potion of lignification {unknown}
 h - a potion of flight {unknown}
Books
 b - a book of Frost

   Spells                             Type                      Level
   a - Freeze                         Ice                          1
   b - Throw Frost                    Conjuration/Ice              2
   c - Ozocubu's Armour               Charms/Ice                   3
   d - Throw Icicle                   Conjuration/Ice              4
   e - Summon Ice Beast               Ice/Summoning                4
Comestibles
 c - 2 bread rations
 k - 3 fruits
 m - 2 meat rations


   Skills:
 + Level 1.1(0.8) Polearms
 - Level 2.6(2.4) Dodging
 - Level 2.1(1.9) Stealth
 - Level 2.0(1.7) Spellcasting
 + Level 1.5(1.3) Conjurations
 + Level 0.7(0.4) Charms
 + Level 4.4(4.2) Ice Magic


You couldn't memorise any spells.
You knew the following spells:

 Your Spells              Type           Power        Failure   Level  Hunger
a - Freeze                Ice            ##..         4%          1    ##.....
b - Throw Frost           Conj/Ice       #.....       11%         2    ###....
c - Ozocubu's Armour      Chrm/Ice       #.......     26%         3    ####...


Dungeon Overview and Level Annotations

Branches:
Dungeon (3/15)

Altars:

Annotations:
D:3 Paps's ghost, amateur DEWz


Message History

Paps's ghost casts a spell at you.
The ball explodes into a vile cloud!
The stinking cloud engulfs you!
You hear a shout!
You hear an angry hiss.
You are engulfed in noxious fumes.
You choke on the stench!
You are confused.
There is a stone staircase leading up here.
You are engulfed in noxious fumes.
You choke on the stench!
You are more confused.
In your confused state, you trip and fall back down the stairs.
You are engulfed in noxious fumes.
You choke on the stench!
You are more confused.
Paps's ghost gestures at you while chanting.
The magic dart hits you!
* * * LOW HITPOINT WARNING * * *
You are engulfed in noxious fumes.
You choke on the stench!
You are more confused.
* * * LOW HITPOINT WARNING * * *
Paps's ghost points at you and mumbles some strange words.
The magic dart hits you!
You die...

#....%##.##.
#...$....#
#....#####
####....######.
.....?..........
######...#######
#.§W§......
##.§######. #.@#
#..# #... #.###
#. #. #S #.


You could see Paps's ghost and a ball python.

Vanquished Creatures
  An adder (D:2)
  A worm (D:2)
  2 dart slugs
  A leopard gecko (D:1)
  A ball python (D:1)
  4 bats
  2 giant cockroaches (D:2)
  6 goblins
  5 hobgoblins
  3 kobolds
  A quokka (D:2)
  A frilled lizard (D:1)
  7 rats
35 creatures vanquished.

Notes
Turn   | Place    | Note
-------+----------+-------------------------------------------
     0 | D:1      | polve the Merfolk Ice Elementalist began the quest for the Orb.
     0 | D:1      | Reached XP level 1. HP: 13/13 MP: 3/3
   208 | D:1      | Reached XP level 2. HP: 19/19 MP: 1/5
   212 | D:1      | Learned a level 2 spell: Throw Frost
   333 | D:1      | Reached skill level 4 in Ice Magic
   610 | D:1      | Reached skill level 1 in Conjurations
  1273 | D:2      | Reached XP level 3. HP: 24/24 MP: 4/6
  1513 | D:2      | Learned a level 3 spell: Ozocubu's Armour
  1798 | D:2      | Reached skill level 1 in Polearms
  2136 | D:3      | Noticed Paps's ghost (amateur DEWz)
  2279 | D:3      | Killed from afar by Paps's ghost

Skill      XL: |  1  2  3 |
---------------+----------+-----
Ice Magic      | 4 |  4.4
Conjurations   | 1 |  1.5
Polearms       | 1 |  1.1
Dodging        | |  2.6
Stealth        | |  2.1
Spellcasting   | |  2.0
Charms         | |  0.7

Action                   || total
-------------------------++-------
Melee: Spear             ||    22
       Unarmed           ||     3
       Trident           ||    12
 Cast: Freeze            ||    48
  Use: Scroll            ||     2
 Stab: Sleeping          ||     5
       Distracted        ||     1
  Eat: Chunk             ||     4
Armor: Robe              ||    10
Dodge: Dodged            ||    41
